 Dungeon Crawl Stone Soup version 0.19.1 (webtiles) character file.

175 ImaNewbie the Grave Robber (level 5, 0/28 HPs)
             Began as a Deep Elf Necromancer on Dec 25, 2016.
             Slain by a quokka (2 damage)
             ... on level 2 of the Dungeon.
             The game lasted 00:07:36 (3264 turns).

ImaNewbie the Grave Robber (Deep Elf Necromancer)   Turns: 3264, Time: 00:07:37

Health: 0/28       AC:  3    Str:  5    XL:     5   Next: 29%
Magic:  1/12       EV: 14    Int: 21    God:
Gold:   174        SH:  0    Dex: 15    Spells: 4 memorised, 3 levels left

rFire  . . .     SeeInvis .     i - +0 spear (curse)
rCold  . . .     Gourm    .     a - +0 robe
rNeg   . . .     Faith    .     (no shield)
rPois  .         Spirit   .     (no helmet)
rElec  .         Reflect  .     (no cloak)
rCorr  .         Harm     .     (no gloves)
MR     .....                    f - +0 pair of boots
Stlth  ++........               k - amulet of magic regeneration
                                (no ring)
                                (no ring)

@: no status effects
A: no striking features
a: no special abilities


You were on level 2 of the Dungeon.
You were hungry.

You visited 1 branch of the dungeon, and saw 3 of its levels.

You collected 174 gold pieces.

Inventory:

Hand Weapons
 d - a +0 whip
 i - a cursed +0 spear (weapon)
Armour
 a - a +0 robe (worn)
 f - a +0 pair of boots (worn)
Jewellery
 k - an amulet of magic regeneration (around neck)
Scrolls
 g - 2 scrolls of identify {unknown}
 h - a scroll of magic mapping {unknown}
 j - a scroll of amnesia {unknown}
 l - a scroll of fog {unknown}
 n - a scroll of recharging {unknown}
Potions
 e - a potion of beneficial mutation {unknown}
 m - a potion of heal wounds {unknown}
 o - 2 potions of flight {unknown}
 r - 2 potions of brilliance {unknown}
Books
 b - a book of Necromancy

   Spells                             Type                      Level
   a - Pain                           Necromancy                   1
   b - Animate Skeleton               Necromancy                   1
   c - Vampiric Draining              Necromancy                   3
   d - Regeneration                   Charms/Necromancy            3
   e - Animate Dead                   Necromancy                   4
   f - Control Undead                 Necromancy                   4
Comestibles
 c - 2 bread rations
 p - 3 meat rations
 q - 4 chunks of flesh


   Skills:
 - Level 3.4 Dodging
 - Level 3.0 Stealth
 - Level 3.8 Spellcasting
 + Level 7.0 Necromancy


You had 3 spell levels left.
You knew the following spells:

 Your Spells              Type           Power        Failure   Level  Hunger
a - Pain                  Necr           ####         1%          1    None
b - Animate Skeleton      Necr           N/A          1%          1    None
c - Regeneration          Chrm/Necr      ###.......   12%         3    ###....
d - Vampiric Draining     Necr           ####......   1%          3    ###....


Dungeon Overview and Level Annotations

Branches:
Dungeon (3/15)

Altars:
Gozag
Nemelex Xobeh


Message History

Aiming: Vampiric Draining
Press: ? - help, Shift-Dir - straight line, f/p - orc
Aim: an orc, wearing a ring mail (heavily wounded)
You kill the orc!
You feel life coursing into your body.
You are feeling hungry.
You barely miss the quokka. The quokka misses you.
You barely miss the quokka. The quokka bites you.
* * * LOW HITPOINT WARNING * * *
You barely miss the quokka. The quokka bites you.
* * * LOW HITPOINT WARNING * * *
The quokka barely misses you.
You hit the quokka but do no damage. The quokka closely misses you.
Casting: Vampiric Draining
Confirm with . or Enter, or press ? or * to list all spells.
Aiming: Pain
Press: ? - help, Shift-Dir - straight line, f - quokka
Aim: a quokka (chance to defeat MR: 93%)
The quokka writhes in agony!
The quokka bites you.
You die...

.............#######.##.#########
...........>w.[r@..#.##.# #
.######.####.#####.#.##.# # .#
#)# #.# #.#.##.# # .# #.# #.#
#.#.##.# # .# #.# #.#####)#.##.#
# .# #.# #.......#.##.# # .# #.#
######..#.##.######### .#
###.########.................
.####....................########
......#########..#.#####.#
###.### #....# #.# #.# #..### #.#
#.# #..# #.# #.# #.)# #.#
#.###########..# #.#
#..............#######.###


You could see a worm and a quokka.

Vanquished Creatures
  Jessica (D:3)
  Terence (D:2)
  An orc wizard (D:2)
  Robin (D:2)
  An adder (D:2)
  A dart slug (D:1)
  A leopard gecko (D:1)
  4 orcs (D:2)
  3 ball pythons
  9 bats
  7 giant cockroaches
  10 goblins
  5 hobgoblins
  2 jackals (D:3)
  10 kobolds
  2 quokkas (D:2)
  5 frilled lizards
  3 rats
67 creatures vanquished.

Notes
Turn   | Place    | Note
-------+----------+-------------------------------------------
     0 | D:1      | ImaNewbie the Deep Elf Necromancer began the quest for the Orb.
     0 | D:1      | Reached XP level 1. HP: 10/10 MP: 6/6
     2 | D:1      | Learned a level 1 spell: Animate Skeleton
   392 | D:1      | Reached skill level 5 in Necromancy
   392 | D:1      | Reached XP level 2. HP: 13/15 MP: 8/8
  1295 | D:2      | Reached XP level 3. HP: 19/19 MP: 10/10
  1312 | D:2      | Learned a level 3 spell: Regeneration
  1316 | D:2      | Learned a level 3 spell: Vampiric Draining
  2345 | D:2      | Noticed Terence
  2352 | D:2      | Killed Terence
  2352 | D:2      | Reached XP level 4. HP: 20/24 MP: 7/11
  2749 | D:3      | Found an opulent altar of Gozag.
  2749 | D:3      | Found a sparkling altar of Nemelex Xobeh.
  2804 | D:3      | Noticed Jessica
  2809 | D:3      | Killed Jessica
  2809 | D:3      | Reached skill level 6 in Necromancy
  2970 | D:3      | Found a faded altar of an unknown god.
  3153 | D:3      | Noticed Robin
  3210 | D:2      | Killed Robin
  3210 | D:2      | Reached XP level 5. HP: 21/28 MP: 0/12
  3245 | D:2      | Reached skill level 7 in Necromancy
  3264 | D:2      | Slain by a quokka

Skill      XL: |  1  2  3  4  5 |
---------------+----------------+-----
Necromancy     | 5 6 7 |  7.0
Dodging        | 3 |  3.4
Stealth        | 3 |  3.0
Spellcasting   | |  3.8

Action                   |  1- 3 |  4- 6 || total
-------------------------+-------+-------++-------
Melee: Whip              |     5 |       ||     5
       Spear             |    90 |    50 ||   140
 Cast: Pain              |    35 |    39 ||    74
       Vampiric Draining |       |     3 ||     3
 Stab: Sleeping          |     4 |     3 ||     7
  Eat: Chunk             |     4 |     3 ||     7
Armor: Robe              |    19 |    12 ||    31
Dodge: Dodged            |    76 |    56 ||   132
